 Dungeon Crawl Stone Soup version 0.31-a0-152-g6aa68a64a1 (webtiles) character file.

Game seed: 8770338315085120353

555 qw the Shooter (level 7, -16/44 HPs)
             Began as a Gargoyle Hunter on June 10, 2023.
             Demolished by an ogre
             ... wielding a +0 giant club
              (20 damage)
             ... on level 5 of the Dungeon.
             The game lasted 00:01:19 (2494 turns).

qw the Shooter (Gargoyle Hunter)                    Turns: 2494, Time: 00:01:20

Health: -16/44     AC: 12    Str: 14    XL:     7   Next: 30%
Magic:  7/7        EV: 11    Int: 10    God:
Gold:   141        SH:  0    Dex: 15    Spells: 6/6 levels left

rFire   . . .        Y - +1 shortbow
rCold   . . .        (shield currently unavailable)
rNeg    + + .        c - +0 leather armour
rPois   inf          b - +0 helmet
rElec   +            (no cloak)
rCorr   .            f - +1 pair of gloves
SInv    .            j - +0 pair of boots
Will    .....        h - amulet of regeneration
Stlth   ++           n - ring of positive energy
HPRegen 1.07/turn    (no ring)
MPRegen 0.10/turn

%: no passive effects
@: no status effects
A: sickness immunity, AC +4, negative energy resistance 1, electricity
resistance, torment resistance 1, petrification resistance
a: no special abilities


You were on level 5 of the Dungeon.
You visited 1 branch of the dungeon, and saw 5 of its levels.

You collected 141 gold pieces.


Innate Abilities, Weirdness & Mutations

You are immune to sickness and miasma.
Your stone body is resilient. (AC +4)
You are immune to poison.
You resist negative energy. (rN+)
You are resistant to electric shocks. (rElec)
You are resistant to unholy torment.
You are immune to petrification.


   Skills:
 - Level 4.5 Fighting
 - Level 7.5 Ranged Weapons
 - Level 1.8 Armour
 + Level 1.5 Dodging
 - Level 1.1 Stealth


You had 6 spell levels left.
You didn't know any spells.
Your spell library was empty.

Inventory:

Hand Weapons
 Y - a +1 shortbow (weapon)
Armour
 b - a +0 helmet (worn)
 c - a +0 leather armour (worn)
 f - a +1 pair of gloves (worn)
 j - a +0 pair of boots (worn)
Jewellery
 h - an amulet of regeneration (around neck)
 n - a ring of positive energy (left hand)
Scrolls
 a - a scroll of identify
Potions
 d - a potion of mutation {unknown}
 e - a potion of heal wounds {unknown}
 k - a potion of attraction
 l - a potion of resistance {unknown}
 m - a potion of magic {unknown}

Dungeon Overview and Level Annotations

Branches:
Dungeon (5/15)
 Temple: D:4-7

Altars:

Shops:
D:4 *


Message History

(D) Dungeon
Where to? (* - list waypoints, Enter - D:4, ? - help)
What level of the Dungeon? (default 1, ? - help)
There is a stone staircase leading down here.
You climb downwards.
There is a stone staircase leading up here.
Found a book of Changes.
An ogre comes into view. It is wielding a +0 giant club.
The ogre shouts!
The ogre moves out of view.
A water moccasin comes into view.
You shoot an arrow. The arrow barely misses the ogre.
A hound comes into view.
You shoot an arrow. The arrow hits the ogre.
The ogre is lightly wounded.
You shoot an arrow.
The arrow hits the ogre but does no damage.
The ogre is lightly wounded.
You shoot an arrow. The arrow hits the ogre.
The ogre is lightly wounded.
You shoot an arrow. The arrow completely misses the ogre.
The arrow closely misses the hound.
The ogre hits you with a +0 giant club!!
Ouch! That really hurt!
You shoot an arrow.
The arrow hits the ogre but does no damage.
The ogre is lightly wounded.
The ogre closely misses you.
You shoot an arrow. The arrow hits the ogre.
The ogre is lightly wounded.
An orc priest comes into view. It is wielding a +0 short sword.
You shoot an arrow. The orc priest shouts!
The arrow hits the ogre!
The ogre is heavily wounded.
The ogre hits you with a +0 giant club!!
You shoot an arrow. The arrow barely misses the ogre.
The arrow hits the hound!
The hound is heavily wounded.
The ogre hits you with a +0 giant club!!
You die... #+# . #####.# .8 ..##.# ... #.##.## .PP

#.#...## P ..
####......#
....#S#........##
.....hO@##.##..#########
#####.####.##...........
#. #.##.########## #
..##.# ####.# #.# #. #.
#.


You could see a water moccasin, an ogre and a hound.

Vanquished Creatures
  A black bear (D:4)
  An ice beast (D:5)
  A centaur (D:5)
  A scorpion (D:4)
  A hound (D:2)
  Robin (D:2)
  11 adders
  2 worms
  A dart slug (D:4)
  2 orcs (D:3)
  4 bats
  5 endoplasms
  3 giant cockroaches
  15 goblins
  11 hobgoblins
  2 jackals (D:3)
  8 kobolds
  3 quokkas
  6 ball pythons
  A frilled lizard (D:3)
  5 rats
85 creatures vanquished.

Notes
Turn   | Place    | Note
-------+----------+-------------------------------------------
     0 | D:1      | qw the Gargoyle Hunter began the quest for the Orb.
     0 | D:1      | Reached XP level 1. HP: 12/12 MP: 1/1
     0 | D:1      | 0 ||| qw: Version: 0.2-a-29-g0080da8
     0 | D:1      | 0 ||| qw: Game counter: 3858
     0 | D:1      | 0 ||| qw: Always use a shield: true
     0 | D:1      | 0 ||| qw: God list: Okawaru
     0 | D:1      | 0 ||| qw: Allow faded altars: false
     0 | D:1      | 0 ||| qw: Do Orc after D:15 true
     0 | D:1      | 0 ||| qw: Do second Lair branch before Depths: true
     0 | D:1      | 0 ||| qw: Lair rune preference: random
     0 | D:1      | 0 ||| qw: Plans: Normal, Zot:1-4, Slime:5, God:TSO, Crypt,
                  | Tomb, Abyss, Pan, Hells, Win
     0 | D:1      | 0 ||| PLANNING D:1-11
   181 | D:1      | Reached XP level 2. HP: 17/17 MP: 2/2
   500 | D:1      | 500 ||| READING 2 scrolls labelled BEKKERCHOETUC.
   501 | D:1      | 501 ||| READING scroll labelled RICELITEOK.
   504 | D:1      | 504 ||| DROPPING scroll of butterflies.
   517 | D:2      | 517 ||| STAIRDANCE
   529 | D:2      | 529 ||| STAIRDANCE
   535 | D:1      | Reached skill level 5 in Ranged Weapons
   535 | D:1      | Reached XP level 3. HP: 10/21 MP: 3/3
   630 | D:2      | Noticed Robin
   637 | D:2      | Killed Robin
   638 | D:2      | Reached skill level 3 in Fighting
   638 | D:2      | Reached XP level 4. HP: 25/28 MP: 4/4
   720 | D:2      | Found a faded altar of an unknown god.
  1041 | D:2      | 1041 ||| UPGRADING to +0 helmet.
  1046 | D:2      | 1046 ||| UPGRADING to +0 pair of gloves.
  1051 | D:2      | 1051 ||| UPGRADING to +0 pair of boots.
  1056 | D:2      | 1056 ||| UPGRADING to amulet of regeneration.
  1061 | D:2      | 1061 ||| READING scroll labelled GOICKE BAYLOGU.
  1062 | D:2      | 1062 ||| READING 2 scrolls labelled GAILLU RYLL.
  1063 | D:2      | 1063 ||| DROPPING scroll of amnesia.
  1097 | D:3      | 1097 ||| STAIRDANCE
  1103 | D:2      | Reached skill level 1 in Armour
  1112 | D:2      | Reached XP level 5. HP: 31/32 MP: 5/5
  1558 | D:3      | 1558 ||| READING scroll labelled QOKHEX TENKOUR.
  1559 | D:3      | 1559 ||| READING scroll labelled GOZECY NYANT.
  1560 | D:3      | 1560 ||| DRINKING 3 bubbling inky potions.
  1561 | D:3      | 1561 ||| DROPPING 2 potions of degeneration.
  1601 | D:4      | Reached skill level 6 in Ranged Weapons
  1643 | D:4      | Reached XP level 6. HP: 37/37 MP: 6/6
  1774 | D:4      | You fall into a shaft and drop 1 floor!
  1774 | D:5      | Entered Level 5 of the Dungeon
  1806 | D:5      | Identified the +3 falchion "Demonbane" {drain, Will+}
  1820 | D:5      | Noticed an ice beast
  1839 | D:5      | Killed an ice beast
  1861 | D:5      | 1861 ||| DROPPING amulet of the acrobat.
  1862 | D:5      | 1862 ||| DRINKING 2 inky potions.
  1863 | D:5      | 1863 ||| DRINKING 2 fizzy grey potions.
  1868 | D:5      | 1868 ||| DROPPING potion of ambrosia.
  2078 | D:4      | Reached XP level 7. HP: 44/44 MP: 7/7
  2102 | D:4      | Found Vaeqim's Serpentskin Sales.
  2111 | D:4      | Reached skill level 7 in Ranged Weapons
  2115 | D:4      | 2115 ||| SHOPLISTING +2 robe of poison resistance (205
                  | gold, have 128).
  2405 | D:4      | 2405 ||| UPGRADING to +1 pair of gloves.
  2415 | D:4      | 2415 ||| DROPPING +0 pair of gloves.
  2416 | D:4      | 2416 ||| UPGRADING to ring of positive energy.
  2417 | D:4      | 2417 ||| READING scroll labelled FIWKEA IKLUMAO.
  2418 | D:4      | 2418 ||| READING scroll labelled PIBBEF OMUFU.
  2493 | D:5      | HP: 3/44 [ogre/+0 giant club (18)]
  2494 | D:5      | Demolished by an ogre

Levels and vault maps discovered:
D:1:      roderic_dead_forest, layout_basic
D:2:      layout_rooms, shapermc_ecumenical_altar_gd, st_stairs_2, uniq_robin
D:3:      layout_rooms
D:4:      black_bear_nest_1, layout_loops_ring, guppyfry_shop_venom
D:5:      layout_loops_corners, minmay_temple_entry_proselytizer,
          dreamdust_mushroom_princess, grunt_ministairs_4,
          kennysheep_generic_room_4

Skill      XL: |  1  2  3  4  5  6  7 |
---------------+----------------------+-----
Ranged Weapons | 5 6 7 |  7.5
Fighting       | 3 4 |  4.5
Armour         | 1 |  1.8
Dodging        | |  1.5
Stealth        | |  1.1

Action                     |  1- 3 |  4- 6 |  7- 9 || total
---------------------------+-------+-------+-------++-------
   Fire: Shortbow          |    76 |   203 |    33 ||   312
    Use: Scroll            |     2 |     4 |     2 ||     8
         Potion            |       |     3 |       ||     3
 Armour: Leather armour    |    14 |    58 |    11 ||    83
  Dodge: Dodged            |    23 |    81 |    18 ||   122

Table legend:
 A = Non-vault XP
 B = Vault XP
 C = Vault XP percentage of total XP
 D = Non-vault monster count
 E = Vault monster count
 F = Vault count percentage of total count
                 A         B        C        D         E       F
            +---------+---------+-------+---------+---------+-------
      Total |     589 |     204 |  25.7 |      67 |      18 |  21.2
            +---------+---------+-------+---------+---------+-------
        D:1 |      45 |       0 |   0.0 |      20 |       0 |   0.0
        D:2 |      92 |      42 |  31.3 |      14 |      15 |  51.7
        D:3 |      59 |       0 |   0.0 |      16 |       0 |   0.0
        D:4 |     154 |     162 |  51.3 |      15 |       3 |  16.7
        D:5 |     239 |       0 |   0.0 |       2 |       0 |   0.0
            +---------+---------+-------+---------+---------+-------
